 Dungeon Crawl Stone Soup version 0.21.1-68-g103a7afc0a (webtiles) character file.

93 IceCat the Covered (level 4, -3/29 HPs)
             Began as a Gargoyle Fighter on Aug 2, 2018.
             Slain by a bullfrog (5 damage)
             ... on level 3 of the Dungeon.
             The game lasted 00:04:03 (1984 turns).

IceCat the Covered (Gargoyle Fighter)               Turns: 1984, Time: 00:04:03

Health: -3/29      AC: 10    Str: 20    XL:     4   Next: 62%
Magic:  4/4        EV:  7    Int:  9    God:
Gold:   119        SH:  9    Dex:  9    Spells: 3/3 levels left

rFire    . . .     SeeInvis .   a - +0 flail
rCold    . . .     Gourm    .   c - +0 shield
rNeg     + . .     Faith    .   b - +0 scale mail
rPois    ∞         Spirit   .   (no helmet)
rElec    +         Reflect  .   (no cloak)
rCorr    .         Harm     .   (no gloves)
MR       +....                  (no boots)
Stlth    ..........             (no amulet)
HPRegen  0.09/turn              h - ring of protection from magic
MPRegen  0.09/turn              i - ring of flight

@: no status effects
A: negative energy resistance 1, electricity resistance, unbreathing,
petrification resistance, rot immunity, AC +3
a: Evoke Flight


You were on level 3 of the Dungeon.
You were near starving.

You visited 1 branch of the dungeon, and saw 3 of its levels.

You collected 119 gold pieces.

Inventory:

Hand Weapons
 a - a +0 flail (weapon)
Armour
 b - a +0 scale mail (worn)
 c - a +0 shield (worn)
Jewellery
 h - a ring of protection from magic (left hand)
 i - a ring of flight (right hand)
Scrolls
 g - 3 scrolls of noise {unknown}
 j - a scroll of fog {unknown}
 k - a scroll of remove curse {unknown}
 m - 7 scrolls of identify {unknown}
 o - a scroll of amnesia {unknown}
Potions
 d - a potion of might
 e - a potion of heal wounds {unknown}
 l - a potion of brilliance
 n - a potion of agility {unknown}
 p - a potion of flight {unknown}
 q - a potion of degeneration {unknown}
Comestibles
 f - 3 rations


   Skills:
 + Level 3.7 Fighting
 * Level 3.5 Maces & Flails
 + Level 3.8 Armour
 - Level 0.2 Dodging
 + Level 3.8 Shields


You had 3 spell levels left.
You didn't know any spells.

Dungeon Overview and Level Annotations

Branches:
Dungeon (3/15)

Altars:

Annotations:
D:3 tape's ghost, amateur OpFi


Innate Abilities, Weirdness & Mutations

You are resistant to torment.
Your stone body is resilient. (AC +3)
You are immune to poison.
You resist negative energy. (rN+)
You are resistant to electric shocks. (rElec)
You can survive without breathing.
You are immune to petrification.
You are immune to rotting.


Message History

The bullfrog is heavily wounded.
The bullfrog barely misses you. The bullfrog hits you.
You block the rat's attack. The frilled lizard barely misses you.
You closely miss the bullfrog.
The bullfrog is heavily wounded.
You block the bullfrog's attack.
The rat twitches its whiskers.
The rat bites you. The bullfrog hits you.
The frilled lizard bites you but does no damage.
You block the rat's attack.
You miss the frilled lizard. You block the bullfrog's attack.
The frilled lizard bites you.
* * * LOW HITPOINT WARNING * * *
The bullfrog barely misses you. The rat bites you.
* * * LOW HITPOINT WARNING * * *
You block the frilled lizard's attack.
You completely miss the frilled lizard. The bullfrog hits you.
* * * LOW HITPOINT WARNING * * *
The bullfrog hits you.
You die...

... #.# #.#
####.# # .....##
.# #..#.#.#
...###..#..#####
......F@l.......
..[....r#.(.#...
...###....#.....
. #..... #...
#.#.#.# .. #.
.#.# . .. .♣.♣ .
## .#.# #


You could see a bullfrog, a frilled lizard and a rat.

Vanquished Creatures
  2 adders (D:2)
  2 oozes (D:2)
  4 dart slugs
  2 leopard geckos
  3 orcs (D:3)
  A giant cockroach (D:3)
  9 goblins
  7 hobgoblins
  4 jackals (D:2)
  A ball python (D:2)
  6 bats
  3 frilled lizards
  2 kobolds (D:2)
  8 rats
54 creatures vanquished.

Notes
Turn   | Place    | Note
-------+----------+-------------------------------------------
     0 | D:1      | IceCat the Gargoyle Fighter began the quest for the Orb.
     0 | D:1      | Reached XP level 1. HP: 14/14 MP: 1/1
   313 | D:1      | Reached XP level 2. HP: 17/19 MP: 2/2
   920 | D:2      | Reached XP level 3. HP: 23/23 MP: 3/3
  1055 | D:2      | Reached XP level 4. HP: 21/28 MP: 4/4
  1631 | D:3      | Found a faded altar of an unknown god.
  1680 | D:3      | Noticed tape's ghost (amateur OpFi)
  1976 | D:3      | Noticed a bullfrog
  1984 | D:3      | Slain by a bullfrog

Skill      XL: |  1  2  3 |
---------------+----------+-----
Maces & Flails | 3 |  3.5
Fighting       | |  3.7
Armour         | |  3.8
Dodging        | |  0.2
Shields        | |  3.8

Action                   |  1- 3 |  4- 6 || total
-------------------------+-------+-------++-------
Melee: Flail             |   115 |    78 ||   193
  Use: Potion            |       |     1 ||     1
  Eat: Chunk             |       |     2 ||     2
Armor: Scale mail        |   104 |    26 ||   130
Dodge: Dodged            |    55 |    27 ||    82
Block: Shield            |    80 |    47 ||   127
